 Dungeon Crawl Stone Soup version 0.31-a0-360-gb3e1d13bf4 (webtiles) character file.

Game seed: 7366795416781301280

25 LeprechaunX the Ruffian (level 3, -1/23 HPs)
             Began as an Octopode Shapeshifter on July 26, 2023.
             Slain by a kobold
             ... wielding a +0 dagger
              (2 damage)
             ... on level 1 of the Dungeon.
             The game lasted 00:00:38 (396 turns).

LeprechaunX the Ruffian (Octopode Shapeshifter)      Turns: 396, Time: 00:00:39

Health: -1/23      AC:  1    Str: 16    XL:     3   Next: 6%
Magic:  3/3        EV: 13    Int: 10    God:
Gold:   85         SH:  0    Dex: 12    Spells: 2/2 levels left

rFire   . .          .
                       - Unarmed
rCold   . . .        (no shield)
rNeg    . . .        (helmet currently unavailable)
rPois   .            (no amulet)
rElec   .            (no ring)
rCorr   .            (no ring)
SInv    .            (no ring)
Will    .....        (no ring)
Stlth   ++           (no ring)
HPRegen 0.23/turn    (no ring)
MPRegen 0.08/turn    (no ring)
                     (no ring)

%: no passive effects
@: beast-form
A: beast (slay +2), almost no armour, amphibious, 8 rings, camouflage 1,
gelatinous body 1, (nimble swimmer 1), tentacles
a: Begin Untransformation


You were on level 1 of the Dungeon.
You were a hulking beast.
You visited 1 branch of the dungeon, and saw 1 of its levels.

You collected 85 gold pieces.

Inventory:

Talismans
 b - a beast talisman
Scrolls
 d - a scroll of amnesia {unknown}
 f - a scroll of revelation {unknown}
 g - a scroll of brand weapon {unknown}
 i - a scroll of vulnerability {unknown}
Potions
 a - a potion of lignification
 c - 3 potions of curing {unknown}
 e - a potion of heal wounds {unknown}
 h - a potion of mutation {unknown}
 j - a potion of berserk rage {unknown}


   Skills:
 + Level 1.5 Fighting
 + Level 2.3 Dodging
 * Level 3.4 Unarmed Combat
 + Level 3.1 Shapeshifting


You had 2 spell levels left.
You didn't know any spells.
Your spell library was empty.

Dungeon Overview and Level Annotations

Branches:
Dungeon (1/15)

Altars:


Innate Abilities, Weirdness & Mutations

You are a hulking beast.
Your limbs bulge with bestial killing power. (Slay +2)
You cannot wear most types of armour.
You are amphibious.
You can wear up to eight rings at the same time.
Your skin changes colour to match your surroundings (Stealth+).
Your rubbery body absorbs attacks. (AC +1, EV +1)
((You are camouflaged when in or above water. (Stealth+)))
You have tentacles for arms and can constrict up to eight enemies at once.


Message History

The kobold attacks as you move away! The kobold hits you with a +0 dagger.
You closely miss the kobold. You grab the kobold. You squeeze the kobold.
The kobold is severely wounded.
You constrict the kobold, but do no damage.
The kobold hits you with a +0 dagger.
* * * LOW HITPOINT WARNING * * *
The endoplasm barely misses you.
You tentacle-slap the endoplasm.
The endoplasm is moderately wounded.
You constrict the kobold.
You kill the kobold!
The endoplasm hits you.
* * * LOW HITPOINT WARNING * * *
Unknown command.
You barely miss the quokka. You grab the quokka.
You constrict the quokka, but do no damage.
The quokka barely misses you. The endoplasm freezes you.
You are frozen.
* * * LOW HITPOINT WARNING * * *
Unknown command.
You tentacle-slap the endoplasm.
You kill the endoplasm!
You constrict the quokka. The quokka closely misses you.
You have reached level 3!
Your experience leads to an increase in your attributes!
Increase (S)trength, (I)ntelligence, or (D)exterity?
You feel stronger. x2
You completely miss the hobgoblin. Your grab misses the hobgoblin.
You constrict the quokka, but do no damage.
The quokka barely misses you. The hobgoblin misses you.
You tentacle-slap the hobgoblin. Your grab misses the hobgoblin.
You squeeze the hobgoblin.
You kill the hobgoblin!
You constrict the quokka. The quokka bites you.
* * * LOW HITPOINT WARNING * * *
You completely miss the kobold. You grab the kobold. You constrict the kobold.
You constrict the quokka. The quokka misses you.
The kobold hits you with a +0 dagger.
You die...

..............# ###..P.).##
..............# #........##
..............# #....♣..†.#
.....=........####..P.♣PP..#
......)...♣♣♣♣♣♣.##P♣♣♣....#
.................##.P♣♣♣P...
♣.........♣♣♣♣♣♣.##..P♣PP.#.
..........r...##.....P♣P..#.
♣.........Kh..#####P.♣PPP...
..........##### #.....#.##
♣.........# ##♣P...[#
########### #.PP..## ##.####
##


You could see a quokka and a kobold.

Vanquished Creatures
  3 ball pythons (D:1)
  3 bats (D:1)
  5 endoplasms (D:1)
  2 giant cockroaches (D:1)
  A goblin (D:1)
  2 hobgoblins (D:1)
  A quokka (D:1)
  4 kobolds (D:1)
  2 rats (D:1)
23 creatures vanquished.

Notes
Turn   | Place    | Note
-------+----------+-------------------------------------------
     0 | D:1      | LeprechaunX the Octopode Shapeshifter began the quest for
                  | the Orb.
     0 | D:1      | Reached XP level 1. HP: 13/13 MP: 1/1
    42 | D:1      | Reached XP level 2. HP: 4/18 MP: 2/2
   394 | D:1      | Reached XP level 3. HP: 1/23 MP: 3/3
   395 | D:1      | HP: 1/23 [quokka (1)]
   396 | D:1      | Slain by a kobold

Illustrated notes

Levels and vault maps discovered:
D:1:      minmay_arrival_radiant_lines, layout_basic, serial_forest,
          infiniplex_forest_end_3, infiniplex_forest_lined_corner,
          infiniplex_forest_lined_room_, infiniplex_forest_lined_room_,
          infiniplex_forest_lined_room_, infiniplex_forest_corner_1,
          infiniplex_forest_clump_long, infiniplex_forest_lined_3,
          infiniplex_forest_straight_2, minmay_pentomino_w4

Action                     || total
---------------------------++-------
  Melee: Unarmed           ||    46
         Constrict         ||    10
         Tentacles         ||     8
         Punch             ||     1
 Armour: Skin              ||     6
  Dodge: Dodged            ||    47

Table legend: (Time is in decaauts)
 A = Elapsed time spent in this place.
 B = Non-inter-level travel time spent in this place.
 C = Inter-level travel time spent in this place.
 D = Time resting spent in this place.
 E = Time spent auto-exploring this place.
 F = Levels seen in this place.
 G = Mean time per level.
                   A        B        C        D        E       F      G
               +--------+--------+--------+--------+--------+-----+--------+
         Total |    392 |    392 |      0 |      0 |    288 |   1 |  392.0 |
       Dungeon |    392 |    392 |      0 |      0 |    288 |   1 |  392.0 |
               +--------+--------+--------+--------+--------+-----+--------+

Top non-repeatable levels by time:
     D:1: 392 daAuts
